 Dungeon Crawl Stone Soup version 0.24.0-13-gcf9b3192b9 (webtiles) character file.

Game seed: 2159538788396442155, levelgen mode: deterministic

60160 Monsterracer the Severer (level 14, -4/133 HPs)
             Began as a Deep Dwarf Fighter on Nov 9, 2019.
             Was the Champion of Makhleb.
             Slain by an orc warrior
             ... wielding a +2 trident of venom
              (17 damage)
             ... on level 2 of the Orcish Mines.
             The game lasted 00:08:51 (14360 turns).

Monsterracer the Severer (Deep Dwarf Fighter)      Turns: 14360, Time: 00:08:52

Health: -4/133     AC: 22    Str: 25    XL:     14   Next: 55%
Magic:  13/13      EV:  5    Int: 13    God:    Makhleb [******]
Gold:   1219       SH: 21    Dex: 12    Spells: 13/13 levels left

rFire    + + .     SeeInvis .   a - +3 broad axe (elec)
rCold    . . .     Gourm    .   E - +2 large shield {rF+}
rNeg     + . .     Faith    .   J - +0 plate armour of Lifelessness {rPois Stlth+} (curse)
rPois    +         Spirit   .   H - +2 helmet
rElec    .         Reflect  .   (no cloak)
rCorr    .         Harm     .   (no gloves)
MR       ++...                  i - +2 pair of boots
Stlth    ..........             (no amulet)
HPRegen  0.00/turn              K - ring of protection from fire
MPRegen  0.13/turn              I - ring "Geplorod" {Str+4 Int+2}

@: non-regenerating, lightly drained
A: damage resistance, heal wounds, blurry vision 1, negative energy resistance
1, sense surroundings 2, weak 1, no potion heal 1, no regeneration
a: Heal Wounds, Minor Destruction, Lesser Servant of Makhleb, Major Destruction,
Greater Servant of Makhleb, Renounce Religion


You were on level 2 of the Orcish Mines.
You worshipped Makhleb.
Makhleb was exalted by your worship.
You were not hungry.

You visited 3 branches of the dungeon, and saw 19 of its levels.
You also visited: Bailey.

You collected 1414 gold pieces.
You spent 195 gold pieces at shops.

Inventory:

Hand Weapons
 a - a +3 broad axe of electrocution (weapon)
   (You took it off a crimson imp on level 11 of the Dungeon)
 b - a +9 flail of freezing
   (You took it off a wight on level 7 of the Dungeon)
Missiles
 k - 4 throwing nets (quivered) {!f}
Armour
 i - a +2 pair of boots (worn)
   (You found it on level 5 of the Dungeon)
 w - +0 fire dragon scales
   (You found it on level 11 of the Dungeon)
 E - a +2 large shield of fire resistance (worn)
   (You found it on level 4 of the Dungeon)
 H - a +2 helmet (worn)
   (You found it on level 2 of the Lair of Beasts)
 J - the cursed +0 plate armour of Lifelessness (worn) {rPois Stlth+}
   (You found it on level 6 of the Lair of Beasts)

   It protects you from poison.
   It makes you more stealthy.
   It has a curse placed upon it.
Jewellery
 C - an uncursed ring of protection from cold
   (You found it on level 4 of the Lair of Beasts)
 F - an uncursed ring of protection from fire
   (You found it on level 3 of the Dungeon)
 I - the ring "Geplorod" (right hand) {Str+4 Int+2}
   (You found it on level 6 of the Lair of Beasts)

   [ring of intelligence]

   It affects your strength (+4).
   It affects your intelligence (+2).
 K - a ring of protection from fire (left hand)
   (You found it on level 6 of the Lair of Beasts)
 L - an uncursed ring of resist corrosion
   (You found it on level 6 of the Lair of Beasts)
 S - an uncursed ring of see invisible
   (You found it on level 6 of the Lair of Beasts)
Wands
 p - a wand of iceblast (9)
   (You found it on level 5 of the Lair of Beasts)
 v - a wand of acid (4)
   (You found it on level 7 of the Dungeon)
 x - a wand of digging (2)
   (You found it on level 8 of the Dungeon)
Scrolls
 f - 3 scrolls of identify
 l - 3 scrolls of enchant armour
 m - 2 scrolls of magic mapping
 r - 7 scrolls of remove curse
 t - 8 scrolls of teleportation {!r}
 y - 2 scrolls of fog {!r}
 M - a scroll of acquirement
 N - 3 scrolls of silence
 X - 4 scrolls of blinking
Potions
 d - 2 potions of heal wounds
 e - 2 potions of invisibility
 g - 4 potions of agility
 h - 5 potions of haste
 j - 3 potions of might
 n - 4 potions of resistance
 o - 2 potions of cancellation
 q - 3 potions of mutation {!q}
 u - 9 potions of curing
 z - 2 potions of brilliance
 A - a potion of ambrosia {!q}
 B - 8 potions of lignification
 D - 3 potions of flight
 G - a potion of berserk rage {!q}
Comestibles
 c - 32 rations
 s - 3 chunks of flesh


   Skills:
 + Level 10.4(10.2) Fighting
 * Level 16.0(15.7) Axes
 + Level 12.1(11.9) Armour
 + Level 0.1(0.0) Dodging
 + Level 12.1(11.9) Shields
 + Level 12.7(12.5) Invocations


You had 13 spell levels left.
You didn't know any spells.
Your spell library contained the following spells:

 Spells                   Type           Power        Failure   Level  Hunger
 Flame Tongue             Conj/Fire      #....        100%        1    ##.....
 Magic Dart               Conj           #...         100%        1    ##.....
 Summon Butterflies       Summ           #.......     100%        1    ##.....
 Blink                    Tloc           N/A          100%        2    ###....
 Call Imp                 Summ           #.......     100%        2    ###....
 Slow                     Hex            #.......     100%        2    ###....
 Throw Flame              Conj/Fire      #.....       100%        2    ###....
 Call Canine Familiar     Summ           #.......     100%        3    ####...
 Conjure Flame            Conj/Fire      #.......     100%        3    ####...
 Inner Flame              Hex/Fire       #.......     100%        3    ####...
 Mephitic Cloud           Conj/Pois/Air  #.......     100%        3    ####...
 Recall                   Summ/Tloc      N/A          100%        3    ####...
 Animate Dead             Necr           N/A          100%        4    #####..
 Sticky Flame             Conj/Fire      #.......     100%        4    #####..
 Summon Ice Beast         Ice/Summ       #.......     100%        4    #####..
 Borgnjor's Vile Clutch   Necr/Erth      #.........   100%        5    ######.
 Fireball                 Conj/Fire      #.........   100%        5    ######.
 Summon Mana Viper        Hex/Summ       #.......     100%        5    ######.
 Death Channel            Necr           #.........   100%        6    #######
 Simulacrum               Ice/Necr       #.........   100%        6    #######
 Summon Hydra             Summ           #.........   100%        7    #######


Dungeon Overview and Level Annotations

Branches:
Dungeon (11/15)            Temple (0/1) D:6            Lair (6/6) D:11
  Swamp (0/4) Lair:4        Snake (0/4) Lair:3        Slime (0/5) Lair:5
    Orc (2/2) D:11         Bailey (visited)
    Elf: Orc:2

Altars:
Ashenzari
Cheibriados
Dithmenos
Fedhas
Gozag
Hepliaklqana
Kikubaaqudgha
Makhleb
Okawaru
Vehumet
Xom
Yredelemnul
Zin
The Shining One
Beogh
Jiyva

Shops:
D:4 }   D:5 *   D:9 (   Orc:2 (


Innate Abilities, Weirdness & Mutations

You are resistant to damage.
You can heal yourself by infusing magical energy.
You resist negative energy. (rN+)
You passively map the area around you.
You do not regenerate.
Scrolls take you a little longer to read.
You are weak. (Str -2)
Potions are less effective at restoring your health.


Message History

The neqoxec gestures at you.
Strange energies course through your body.
Your vision blurs.
The orc warrior hits you but does no damage.
You are too injured to fight recklessly!
You are too injured to fight recklessly!
You are too injured to fight recklessly!
You are too injured to fight recklessly!
You are too injured to fight recklessly!
You are too injured to fight recklessly!
You are too injured to fight recklessly!
You are too injured to fight recklessly!
You are too injured to fight recklessly!
Unknown command.
You are too injured to fight recklessly!
You are too injured to fight recklessly!
You are too injured to fight recklessly!
You are too injured to fight recklessly!
You are too injured to fight recklessly!
Unknown command.
You are too injured to fight recklessly!
You are too injured to fight recklessly!
You are too injured to fight recklessly!
You are too injured to fight recklessly!
You are too injured to fight recklessly!
Unknown command.
You are too injured to fight recklessly!
You are too injured to fight recklessly!
You are too injured to fight recklessly!
You are too injured to fight recklessly!
You are too injured to fight recklessly!
Unknown command.
You are too injured to fight recklessly!
You are too injured to fight recklessly!
You are too injured to fight recklessly!
You are too injured to fight recklessly!
You are too injured to fight recklessly!
You slash the orc warlord!
The orc warlord is lightly wounded.
You slash the neqoxec! You hit the sun demon but do no damage.
You hit the sixfirhy but do no damage. The sixfirhy hits you.
* * * LOW HITPOINT WARNING * * *
The sixfirhy shocks you!
* * * LOW HITPOINT WARNING * * *
The sixfirhy barely misses you. The sun demon barely misses you.
You block the orc warlord's attack.
The neqoxec hits you but does no damage.
You feel much better.
The orc warrior no longer looks unusually strong.
The iron imp disappears in a puff of smoke!
The crimson imp blinks!
The sun demon barely misses you. You block the shadow imp's attack.
The neqoxec gestures at you.
Strange energies course through your body.
Your system partially rejects the healing effects of potions.
The orc warrior hits you from afar with a +2 trident of venom!
The orc warlord roars a battlecry!
The orc warrior goes into a battle-frenzy!
You closely miss the orc high priest.
Your shield prevents you from hitting the sun demon.
You hit the neqoxec. Lightning courses through the neqoxec!
The orc warlord blocks your attack.
You miss the sixfirhy. You hit the shadow imp.
Lightning courses through the shadow imp!
You kill the shadow imp!
The orc high priest no longer looks unusually strong.
The sun demon hits you!!
* * * LOW HITPOINT WARNING * * *
You are engulfed in flames.
You resist.
* * * LOW HITPOINT WARNING * * *
You block the orc high priest's attack.
The neqoxec hits you but does no damage.
You slice the orc high priest!!
Lightning courses through the orc high priest!!
The orc high priest is severely wounded.
You closely miss the sun demon. You slash the neqoxec!
You kill the neqoxec!
The orc warlord blocks your attack.
You slash the sixfirhy!
The orc sorcerer no longer looks unusually strong.
You block the sixfirhy's attack.
The sixfirhy hits you but does no damage.
You block the sun demon's attack. You block the sixfirhy's attack.
The orc warlord hits you with a +0 long sword!
* * * LOW HITPOINT WARNING * * *
The orc warrior hits you from afar with a +2 trident of venom!!
* * * LOW HITPOINT WARNING * * *
The orc high priest mumbles some strange prayers to Beogh against you.
You resist with almost no effort.
You feel much better. You block the sixfirhy's attack. The sixfirhy hits you.
The sixfirhy shocks you!
* * * LOW HITPOINT WARNING * * *
The sixfirhy hits you.
* * * LOW HITPOINT WARNING * * *
The sixfirhy shocks you!
* * * LOW HITPOINT WARNING * * *
You block the sun demon's attack. You block the sixfirhy's attack.
The orc sorcerer hits you but does no damage.
You block the orc warlord's attack.
The orc warrior hits you from afar with a +2 trident of venom!!
You die...

#............#......
##..................
#* #..................
*#.
,##..#..............
...
,#.........<.......
**#...
###.......#...#.#, *
#....#.#....#.##......
*, ......o....##*# , *
.....#3@o...# * , , *
#.PP.ooo3..## , * ,, *
......oo.### ** * *,,
* .......... , ,
.........## * , , , ,
.......P.# * * *
...∩....P# * , *
.P.......# * , * ,,,,
,, * , ,


You could see an orc warlord, an orc knight, an orc high priest, a sun demon, a
sixfirhy, an orc sorcerer and 3 orc warriors.

Vanquished Creatures
  Snorg (Lair:5)
  An ettin (Orc:1)
  A fire dragon (D:11)
  Harold (D:8)
  4 hydras (Lair:2 Lair:6)
  The ghost of Cato the Destroyer, a journeyman DECj of Sif Muna (Lair:2)
  3 two-headed ogres (D:10 D:11)
  A tengu warrior (D:11)
  A deep elf archer (Bailey)
  4 orc knights (D:11 Orc:2)
  An ugly thing (D:11)
  3 orc sorcerers (Orc:1 Orc:2)
  9 deep elf magi (Bailey)
  A cyclops (D:10)
  Joseph (D:8)
  4 black mambas (Lair:1 Lair:3 Lair:4)
  3 elephants (Lair:2)
  27 spiny frogs (Lair:1 Lair:2 Lair:3 Lair:4 Lair:5)
  Psyche (D:9)
  A gargoyle (D:11)
  2 rime drakes (Lair:3)
  2 komodo dragons (Lair:2 Lair:3)
  2 tyrant leeches (Lair:6)
  A queen bee (D:9)
  4 trolls (D:10 D:11 Orc:2)
  Prince Ribbit (D:8)
  4 hippogriffs (D:11 Lair:2 Lair:5)
  A hornet (D:10)
  7 dream sheep (Lair:5)
  Grinder (D:3)
  28 blink frogs (Lair:2 Lair:6)
  A water elemental (D:11)
  2 shadows (D:10)
  41 yaks (D:9 D:10 D:11 Lair:2 Lair:3)
  4 wyverns (D:8 Lair:2 Lair:5)
  A basilisk (Lair:5)
  6 vampire mosquitoes (Lair:6)
  3 wargs (Orc:1 Orc:2)
  A naga (Lair:3)
  An acid dragon (D:11)
  11 water moccasins (Lair:1 Lair:2 Lair:4 Lair:5 Lair:6)
  11 porcupines (Lair:1 Lair:2 Lair:3 Lair:4 Lair:5)
  12 orc warriors (D:8 D:10 Orc:1 Orc:2)
  An ice beast (D:5)
  2 phantoms (D:7 D:10)
  An eye of draining (D:11)
  A necrophage (D:10)
  16 wolves (D:11 Lair:2 Lair:5 Lair:6)
  5 ogres (D:9 D:10 Orc:1 Orc:2)
  14 crocodiles (Lair:1 Lair:2 Lair:3 Lair:4 Lair:5)
  8 centaurs (D:5 D:8 D:7 D:9 D:10)
  3 big kobolds (D:8 D:10)
  24 bullfrogs (D:5 D:7 D:9 D:10 D:11)
  2 gnoll sergeants (D:9)
  3 scorpions (D:5 D:7)
  A wyvern skeleton (D:11)
  23 killer bees (D:8 D:9 D:10)
  10 wights (D:7 D:9 D:10)
  4 howler monkeys (D:6 D:7 D:10)
  5 electric eels (D:11 Lair:6)
  6 crimson imps (D:5 D:8 D:6 D:11)
  4 bullfrog zombies (D:5 D:11)
  A centaur zombie (D:9)
  6 hounds (D:5 D:9 D:10 D:11)
  A quasit (D:7)
  An iguana (D:10)
  10 orc priests (D:5 D:8 D:10 D:11 Orc:1)
  A jelly (D:7)
  2 centaur skeletons (D:4 D:5)
  8 orc wizards (D:5 D:8 D:9 D:11)
  7 worker ants (D:4 D:5 D:7 D:10)
  2 killer bee zombies (D:5 D:7)
  2 hound zombies (D:5 D:6)
  3 hound skeletons (D:5 D:7)
  A howler monkey zombie (D:10)
  7 gnolls (D:9)
  13 adders (D:2 D:3 D:6 D:8 D:7)
  2 shadow imps (D:5 D:8)
  An adder zombie (D:7)
  An adder skeleton (D:5)
  7 worms (D:2 D:3 D:4 D:7)
  A dart slug (D:2)
  9 leopard geckos (D:1 D:2 D:3 D:5 D:6)
  74 orcs (D:3 D:5 D:8 D:7 D:9)
  3 ball pythons (D:1 D:3 D:6)
  7 giant cockroaches (D:1 D:2 D:3 D:6)
  10 goblins (D:1 D:2 D:3)
  13 hobgoblins (D:1 D:2 D:3)
  3 jackals (D:2)
  15 kobolds (D:1 D:3 D:8 D:10)
  5 quokkas (D:3 D:7 D:10 D:11)
  11 bats (D:1 D:2 D:3)
  3 frilled lizards (D:1 D:2)
  3 jackal skeletons (D:5 D:9)
  A leopard gecko skeleton (D:8)
  A leopard gecko zombie (D:5)
  A quokka skeleton (D:8)
  A quokka zombie (D:5)
  6 rats (D:1 D:2 D:3)
  3 fungi (Lair:1 Lair:3)
  5 plants (Lair:1 Lair:3 Lair:5 Lair:6)
600 creatures vanquished.

Vanquished Creatures (collateral kills)
  A fire giant (D:11)
  A flayed ghost (D:11)
  A shadow (D:11)
3 creatures vanquished.

Vanquished Creatures (others)
  An orc (D:11)
  A quokka (D:11)
  7 fungi (Lair:3 Lair:5 Lair:6 Orc:2)
  34 plants (Lair:3 Lair:6)
43 creatures vanquished.

Grand Total: 646 creatures vanquished

Notes
Turn   | Place    | Note
-------+----------+-------------------------------------------
     0 | D:1      | Monsterracer the Deep Dwarf Fighter began the quest for the
                  | Orb.
     0 | D:1      | Reached XP level 1. HP: 20/20 MP: 1/1
    34 | D:1      | Reached XP level 2. HP: 27/27 MP: 2/2
   355 | D:1      | You fall into a shaft and drop 1 floor!
   378 | D:2      | HP: 12/27 [leopard gecko (3)]
   385 | D:2      | Reached skill level 3 in Axes
   385 | D:2      | Reached XP level 3. HP: 24/33 MP: 2/2
   394 | D:2      | HP: 14/33 [worm (7)]
   677 | D:2      | Reached XP level 4. HP: 36/42 MP: 3/3
   728 | D:2      | Found a glowing silver altar of Zin.
   730 | D:2      | Found a radiant altar of Vehumet.
   730 | D:2      | Found an ancient bone altar of Kikubaaqudgha.
  1025 | D:2      | Found a shimmering altar of Xom.
  1355 | D:3      | Noticed Grinder
  1369 | D:3      | HP: 17/42 [Grinder/nerve-wracking pain (8)]
  1382 | D:3      | Paralysed by Grinder for 3 turns
  1388 | D:3      | HP: 18/42 [Grinder/nerve-wracking pain (9)]
  1402 | D:3      | Killed Grinder
  1402 | D:3      | Reached skill level 4 in Axes
  1402 | D:3      | Reached XP level 5. HP: 46/50 MP: 4/4
  1402 | D:3      | Reached XP level 6. HP: 53/57 MP: 5/5
  1692 | D:3      | Found a blossoming altar of Fedhas.
  1892 | D:3      | Reached skill level 5 in Axes
  2081 | D:4      | Found Xileq's Gadget Boutique.
  2549 | D:5      | Entered Level 5 of the Dungeon
  2614 | D:5      | HP: 27/57 [bullfrog (2)]
  2617 | D:5      | Reached XP level 7. HP: 30/64 MP: 6/6
  2702 | D:5      | Reached skill level 5 in Armour
  2702 | D:5      | Reached skill level 5 in Shields
  2723 | D:5      | HP: 31/64 [ice beast (3)]
  2731 | D:5      | Reached skill level 6 in Axes
  2843 | D:5      | Found a burning altar of Makhleb.
  3021 | D:5      | Became a worshipper of Makhleb the Destroyer
  3070 | D:5      | Reached XP level 8. HP: 58/73 MP: 7/7
  3106 | D:5      | Reached skill level 1 in Invocations
  3125 | D:5      | Found Jackimext's General Store.
  3149 | D:5      | Bought a scroll of teleportation for 45 gold pieces
  3149 | D:5      | Bought a potion of resistance for 150 gold pieces
  3162 | D:5      | Reached skill level 7 in Axes
  3485 | D:6      | Found a hazy altar of Hepliaklqana.
  3576 | D:6      | Found a staircase to the Ecumenical Temple.
  3871 | D:6      | Found a shadowy altar of Dithmenos.
  3931 | D:6      | You fall into a shaft and drop 2 floors!
  3938 | D:8      | Reached * piety under Makhleb
  3972 | D:8      | Noticed Joseph
  3998 | D:8      | Killed Joseph
  3998 | D:8      | Reached skill level 5 in Fighting
  4095 | D:8      | Noticed Harold
  4100 | D:8      | HP: 27/74 [Harold/+0 dire flail of holy wrath (11)]
  4111 | D:8      | HP: 33/74 [Harold/+0 dire flail of holy wrath (15)]
  4131 | D:8      | Killed Harold
  4131 | D:8      | Reached skill level 8 in Axes
  4131 | D:8      | Gained mutation: You passively map the area around you.
                  | [Deep Dwarf growth]
  4131 | D:8      | Reached XP level 9. HP: 50/81 MP: 8/10
  4183 | D:8      | Found an opulent altar of Gozag.
  4263 | D:8      | Noticed Prince Ribbit
  4326 | D:8      | Killed Prince Ribbit
  4326 | D:8      | Reached skill level 9 in Axes
  4377 | D:8      | Reached skill level 5 in Invocations
  4594 | D:8      | Found a shattered altar of Ashenzari.
  4918 | D:7      | Found the +0 Maxwell's etheric cage {RegenMP+ *Contam rElec
                  | MP+4}
  5032 | D:7      | Reached ** piety under Makhleb
  5106 | D:7      | Found an iron altar of Okawaru.
  5178 | D:7      | Found a snail-covered altar of Cheibriados.
  5220 | D:7      | Reached XP level 10. HP: 79/91 MP: 11/11
  6118 | D:9      | Noticed Psyche
  6138 | D:9      | Killed Psyche
  6138 | D:9      | Reached skill level 10 in Axes
  6149 | D:9      | HP: 46/92 [yak (5)]
  6454 | D:9      | Reached *** piety under Makhleb
  6659 | D:9      | Found a basalt altar of Yredelemnul.
  6661 | D:9      | Noticed a profane servitor
  6671 | D:9      | Found a glowing golden altar of the Shining One.
  6777 | D:9      | Found Tosebir's Weapon Emporium.
  6784 | D:10     | Entered Level 10 of the Dungeon
  6793 | D:10     | Noticed a two-headed ogre
  6804 | D:10     | HP: 31/92 [two-headed ogre/+0 giant spiked club (19)]
  6807 | D:10     | Killed a two-headed ogre
  6807 | D:10     | Reached skill level 11 in Axes
  7039 | D:10     | HP: 36/94 [something (15)]
  7055 | D:10     | Reached XP level 11. HP: 68/100 MP: 12/12
  7268 | D:10     | Reached **** piety under Makhleb
  7284 | D:10     | Paralysed by a hornet for 1 turns
  7289 | D:10     | HP: 50/100 [wight/cursed +4 dagger (2)]
  7290 | D:10     | Paralysed by a hornet for 3 turns
  7294 | D:10     | HP: 36/100 [poisoned by a hornet]
  7299 | D:10     | HP: 50/100 [poisoned by a hornet]
  7304 | D:10     | HP: 42/100 [poisoned by a hornet]
  7309 | D:10     | HP: 46/100 [poisoned by a hornet]
  7335 | D:10     | HP: 35/100 [cyclops (21)]
  7350 | D:10     | Noticed a two-headed ogre
  7362 | D:10     | HP: 50/100 [two-headed ogre/+0 giant spiked club (4)]
  7363 | D:10     | Killed a two-headed ogre
  7528 | D:10     | Found a basalt altar of Yredelemnul.
  7842 | D:11     | Noticed a tengu warrior
  7861 | D:11     | Killed a tengu warrior
  7861 | D:11     | Reached skill level 12 in Axes
  7940 | D:11     | HP: 50/102 [drowned by a water elemental (6)]
  7960 | D:11     | Reached ***** piety under Makhleb
  8006 | D:11     | Found a staircase to the Lair.
  8076 | D:11     | Noticed a green ugly thing
  8095 | D:11     | Killed a green ugly thing
  8103 | D:11     | Noticed a skeletal warrior
  8109 | D:11     | Noticed an orc knight
  8122 | D:11     | HP: 49/103 [troll (5)]
  8134 | D:11     | HP: 50/103 [troll (2)]
  8144 | D:11     | HP: 49/103 [orc knight/+0 war axe (7)]
  8150 | D:11     | Killed an orc knight
  8165 | D:11     | Noticed a fire giant
  8165 | D:11     | Noticed a flayed ghost
  8175 | D:11     | HP: 43/103 [flayed ghost/flay_damage (15)]
  8176 | D:11     | Noticed a centaur warrior
  8178 | D:11     | Killed a flayed ghost
  8184 | D:11     | HP: 49/103 [fire giant/fireball (11)]
  8185 | D:11     | Killed a fire giant
  8185 | D:11     | Reached XP level 12. HP: 52/110 MP: 13/13
  8203 | D:11     | Noticed an eight-headed hydra
  8204 | D:11     | Noticed a fire dragon
  8210 | D:11     | HP: 55/110 [fire dragon/blast of flame (12)]
  8226 | D:11     | HP: 43/110 [fire dragon/blast of flame (15)]
  8235 | D:11     | Killed a fire dragon
  8256 | D:11     | Noticed an orc warlord
  8343 | Lair:1   | Entered Level 1 of the Lair of Beasts
  8359 | Lair:1   | HP: 55/111 [poisoned by a black mamba]
  8926 | Lair:2   | Reached skill level 13 in Axes
  8960 | Lair:2   | Noticed a seven-headed hydra
  8965 | Lair:2   | Killed a ten-headed hydra
  8965 | Lair:2   | Reached skill level 10 in Armour
  8965 | Lair:2   | Reached skill level 10 in Shields
  9056 | Lair:2   | Reached skill level 10 in Invocations
  9067 | Lair:2   | Found a runed translucent gate.
  9068 | Lair:2   | Found a runed translucent gate.
  9069 | Lair:2   | Found a runed translucent gate.
  9071 | Lair:2   | Noticed Cato's ghost (journeyman DECj)
  9133 | Lair:2   | Killed Cato's ghost
  9148 | Lair:2   | Identified a scroll of acquirement
  9149 | Lair:2   | Got a pair of polished boots
  9160 | Lair:2   | Identified the +0 pair of boots "Fubuvaxt" {Int+9} (You
                  | acquired it on level 2 of the Lair of Beasts)
  9212 | Lair:2   | Noticed a five-headed hydra
  9219 | Lair:2   | HP: 53/112 [seven-headed hydra (11)]
  9224 | Lair:2   | Killed a seven-headed hydra
  9408 | Lair:2   | Gained mutation: You are weak. (Str -2) [mutagenic glow]
 10026 | Lair:3   | Found a staircase to the Snake Pit.
 10054 | Lair:3   | Reached XP level 13. HP: 112/121 MP: 13/13
 10056 | Lair:3   | Reached skill level 14 in Axes
 10985 | Lair:4   | Found a staircase to the Swamp.
 11522 | Lair:4   | You fall into a shaft and drop 1 floor!
 11790 | Lair:5   | Noticed Snorg
 11801 | Lair:5   | HP: 49/121 [Snorg (12)]
 11807 | Lair:5   | HP: 54/121 [Snorg (3)]
 11815 | Lair:5   | HP: 59/121 [Snorg (3)]
 11816 | Lair:5   | Killed Snorg
 11877 | Lair:5   | Found a viscous altar of Jiyva.
 11878 | Lair:5   | Found a staircase to the Slime Pits.
 11999 | Lair:5   | HP: 56/121 [wyvern (8)]
 12225 | Lair:6   | Entered Level 6 of the Lair of Beasts
 12334 | Lair:6   | Got a clouded pewter ring
 12356 | Lair:6   | Identified the ring "Geplorod" {Str+4 Int+2} (You found it
                  | on level 6 of the Lair of Beasts)
 12387 | Lair:6   | Reached ****** piety under Makhleb
 12440 | Lair:6   | Reached skill level 15 in Axes
 12583 | Lair:6   | HP: 58/123 [electric eel/bolt of electricity (10)]
 12588 | Lair:6   | Gained mutation: You resist negative energy. (rN+) [Deep
                  | Dwarf growth]
 12588 | Lair:6   | Reached XP level 14. HP: 74/130 MP: 14/14
 12596 | Lair:6   | Reached skill level 10 in Fighting
 12840 | Lair:6   | Got a spiked plate armour
 12860 | Lair:6   | Identified the cursed +0 plate armour of Lifelessness
                  | {rPois Stlth+} (You found it on level 6 of the Lair of
                  | Beasts)
 13550 | D:11     | Found a staircase to the Orcish Mines.
 13587 | Orc:1    | Entered Level 1 of the Orcish Mines
 13595 | Orc:1    | HP: 62/132 [ettin/+0 dire flail (29)]
 13773 | Orc:1    | Found a roughly hewn altar of Beogh.
 13811 | Orc:1    | Found a flagged portal.
 13830 | Bailey   | Entered a bailey
 14128 | Orc:2    | Entered Level 2 of the Orcish Mines
 14152 | Orc:2    | HP: 58/133 [orc warrior/+0 glaive (14)]
 14158 | Orc:2    | HP: 63/133 [orc knight/+0 great mace (13)]
 14164 | Orc:2    | HP: 37/133 [orc knight/+0 great mace (13)]
 14342 | Orc:2    | Noticed an orc warlord
 14343 | Orc:2    | Found Sogoi's Antique Weapon Emporium.
 14348 | Orc:2    | Reached skill level 16 in Axes
 14353 | Orc:2    | HP: 53/133 [orc warrior/+2 trident of venom (19)]
 14355 | Orc:2    | Gained mutation: Scrolls take you a little longer to read.
                  | [a neqoxec]
 14357 | Orc:2    | Gained mutation: Potions are less effective at restoring
                  | your health. [a neqoxec]
 14358 | Orc:2    | HP: 51/133 [sun demon[an orc high priest] (17)]
 14359 | Orc:2    | HP: 17/133 [orc warrior/+2 trident of venom (16)]
 14360 | Orc:2    | Slain by an orc warrior

Levels and vault maps discovered:
D:1:      lightli_arrival_flooded_house, layout_basic
D:2:      layout_basic, grunt_temple_overflow_open
D:3:      layout_loops_ring, lemuel_round_altar, minmay_increasing_density,
          uniq_grinder
D:4:      layout_cave_pools, serial_shops, shop
D:5:      layout_loops_cross, makhleb_blood_cavern_becter, serial_undead,
          serial_undead_b, serial_undead_e, serial_undead_d, serial_undead_a,
          serial_shops, shop_statue, first_ration, amethyst_killhole
D:6:      layout_basic, lemuel_round_altar, marbit_many_paths, temple_fountains,
          chequers_serial_rivers_micro_e
D:7:      layout_gridville, okawaru_metal_pillars_3, cheibrodos_worm_habitat
D:8:      layout_basic, ashenzari_conservatory_becter,
          nicolae_gozag_cash_rules_everything_around_me, uniq_joseph,
          uniq_harold, uniq_prince_ribbit1
D:9:      layout_cave_pools, grunt_temple_overflow_holy_war, serial_shops,
          kennysheep_mini, david_nohive_1, uniq_psyche
D:10:     wad_arrow_thing, layout_basic, yredelemnul_altar_generic
D:11:     minmay_tile_spiral, layout_basic, erik_lair_island, david_orc_2
Lair:1:   layout_misc_corridors, minivault_19
Lair:2:   layout_hall_layers, gammafunk_ghost_split
Lair:3:   layout_layer_cave, guppyfry_snake_entry_garden, minivault_24,
          infiniplex_staircase_pool_2
Lair:4:   layout_cave_pods, swamp_mist
Lair:5:   layout_concentric_octagons, dpeg_slime_entry_enclosed_altar,
          grunt_megastairs_1, uniq_snorg
Lair:6:   minmay_lair_end_frog_pond, layout_regular_city,
          chequers_serial_rivers_small_b
Orc:1:    layout_caves, enter_bailey_6, minmay_orc_temple_b
Orc:2:    grunt_orc_gardens, layout_caves, grunt_orc_garden, grunt_orc_garden,
          grunt_orc_garden, grunt_orc_garden, serial_shops, shop

Skill      XL: |  1  2  3  4  5  6  7  8  9 10 11 12 13 14 |
---------------+-------------------------------------------+-----
Axes           | 3 4 5 6 8 9 11 12 13 15 16 | 16.0
Fighting       | 3 4 5 6 7 8 9 10 | 10.4
Shields        | 4 5 6 7 8 9 10 11 12 | 12.1
Armour         | 4 5 6 7 8 9 10 11 12 | 12.1
Invocations    | 4 5 7 9 10 12 | 12.7
Dodging        | |  0.1

Action                   |  1- 3 |  4- 6 |  7- 9 | 10-12 | 13-15 || total
-------------------------+-------+-------+-------+-------+-------++-------
Melee: War axe           |   120 |   205 |   440 |   780 |       ||  1545
       Broad axe         |       |       |       |   226 |   531 ||   757
       Flail             |       |       |       |     6 |    16 ||    22
Invok: Lesser Servant of |       |       |       |     1 |       ||     1
 Abil: Heal Wounds       |     2 |     3 |     9 |    22 |    17 ||    53
Evoke: Wand              |       |       |       |     2 |       ||     2
  Use: Scroll            |       |    10 |     7 |     9 |     5 ||    31
 Stab: Invisible         |       |       |       |     3 |       ||     3
       Distracted        |       |       |       |       |     1 ||     1
  Eat: Chunk             |       |     4 |     8 |    14 |    15 ||    41
       Ration            |       |     1 |       |     1 |       ||     2
Armor: Scale mail        |    45 |   100 |    68 |       |       ||   213
       Chain mail        |       |       |    77 |   483 |   177 ||   737
       Plate armour      |       |       |       |       |    48 ||    48
Dodge: Dodged            |    32 |    68 |    53 |   164 |    92 ||   409
Block: Shield            |    66 |   115 |       |       |       ||   181
       Large shield      |       |    39 |   427 |  1147 |   630 ||  2243
